| TOP OF THE 1ST |
|
Durham Bulls batting - Pitching for Fresno Grizzlies : RHP Michael Bruce
|
|
Pitching: RHP Michael Bruce
|
|
|
Batting: LHB Jake Rheaume
|
0-0: Called Strike 0-1: Ball 1-1: Ball 2-1: Foul Ball, location: 2F 2-2: Ground out 4-3 (Groundball, 4, EV 88.8 MPH)
|
|
Batting: RHB Paul Landes
|
0-0: Ball 1-0: Ground out 6-3 (Groundball, 56, EV 84.4 MPH)
|
|
Batting: LHB Davion Lewis
|
0-0: Foul Ball, location: 2F 0-1: Ball 1-1: Ball 2-1: Called Strike 2-2: Fly out, F7 (Flyball, 7D, EV 91.2 MPH)
|
| Top of the 1st over - 0 runs, 0 hits, 0 errors, 0 left on base; Durham 0 - Fresno 0 |
| BOTTOM OF THE 1ST |
|
Fresno Grizzlies batting - Pitching for Durham Bulls : RHP Miguel Romero
|
|
Pitching: RHP Miguel Romero
|
|
|
Batting: RHB Ben Hoffman
|
0-0: Called Strike 0-1: Foul Ball, location: 2F 0-2: Hit by Pitch
|
|
Batting: LHB Chris Cabrera
|
0-0: SINGLE (Groundball, 56S, EV 66.2 MPH) (infield hit) Ben Hoffman to second
|
|
Batting: RHB Chris Fitzgerald
|
0-0: Swinging Strike 0-1: Fly out, F7 (Flyball, 78S, EV 89.4 MPH)
|
|
Batting: RHB Bill Cabrera
|
0-0: Foul Ball, location: 2F 0-1: Ball 1-1: Ball 2-1: Called Strike 2-2: Ball 3-2: Fly out, F5 (Popup, 25F, EV 73.8 MPH)
|
|
Batting: RHB Ramon Castellon
|
0-0: Ball 1-0: Called Strike 1-1: Ball 2-1: Called Strike 2-2: Ball 3-2: Fly out, F8 (Line Drive, 8RD, EV 93.8 MPH)
|
| Bottom of the 1st over - 0 runs, 1 hit, 0 errors, 2 left on base; Durham 0 - Fresno 0 |
| TOP OF THE 2ND |
|
Durham Bulls batting - Pitching for Fresno Grizzlies : RHP Michael Bruce
|
|
Batting: LHB Mario Ocana
|
0-0: Called Strike 0-1: Ground out 4-3 (Groundball, 4, EV 91.9 MPH)
|
|
Batting: LHB Jimmy Buscemi
|
0-0: Ball 1-0: Ball 2-0: Foul Ball, location: 2F 2-1: Ball 3-1: Called Strike 3-2: Base on Balls
|
|
Batting: SHB Jose Vargas
|
0-0: SINGLE (Groundball, 4MS, EV 74.4 MPH) (infield hit) Jimmy Buscemi to second
|
|
Batting: RHB Dermott Kennelly
|
0-0: Ball 1-0: Ball 2-0: Foul Ball, location: 2F 2-1: Foul Ball, location: 2F 2-2: Ball 3-2: Base on Balls Jimmy Buscemi to third Jose Vargas to second
|
|
Batting: LHB Danny Hull
|
0-0: Called Strike 0-1: SINGLE (Line Drive, 8LS, EV 106.9 MPH) Jimmy Buscemi scores Jose Vargas to third Dermott Kennelly to second
|
|
Batting: LHB Angel Ruvalcaba
|
0-0: Called Strike 0-1: Ball 1-1: Foul Ball, location: 2F 1-2: Fly out, F7 (Flyball, 7LS, EV 80.6 MPH)
|
|
Batting: LHB Jake Rheaume
|
0-0: Called Strike 0-1: GRAND SLAM HOME RUN (Flyball, 89XD, EV 98.8 MPH), Distance : 392 ft
|
|
Batting: RHB Paul Landes
|
0-0: Ball 1-0: Foul Ball, location: 2F 1-1: SINGLE (Flyball, 7LS, EV 83.1 MPH)
|
|
Batting: LHB Davion Lewis
|
0-0: Called Strike 0-1: SINGLE (Line Drive, 78S, EV 100.0 MPH) Paul Landes to second
|
|
Pitching: LHP Carlos Toledo
|
|
|
Batting: LHB Mario Ocana
|
0-0: Swinging Strike 0-1: Swinging Strike 0-2: Ball 1-2: Strikes out looking
|
| Top of the 2nd over - 5 runs, 5 hits, 0 errors, 2 left on base; Durham 5 - Fresno 0 |
| BOTTOM OF THE 2ND |
|
Fresno Grizzlies batting - Pitching for Durham Bulls : RHP Miguel Romero
|
|
Batting: RHB Paul Shell
|
0-0: Swinging Strike 0-1: Swinging Strike 0-2: Ball 1-2: Ball 2-2: Ball 3-2: Ground out 6-3 (Groundball, 6M, EV 103.1 MPH)
|
|
Batting: RHB Raul Sanchez
|
0-0: Ball 1-0: Foul Ball, location: 2F 1-1: Swinging Strike 1-2: Ground out 4-3 (Groundball, 4M, EV 87.5 MPH)
|
|
Batting: RHB Edgar Trejo
|
0-0: Swinging Strike 0-1: Ground out 4-3 (Groundball, 4, EV 85.0 MPH)
|
| Bottom of the 2nd over - 0 runs, 0 hits, 0 errors, 0 left on base; Durham 5 - Fresno 0 |
| TOP OF THE 3RD |
|
Durham Bulls batting - Pitching for Fresno Grizzlies : LHP Carlos Toledo
|
|
Batting: LHB Jimmy Buscemi
|
0-0: SINGLE (Line Drive, 34D, EV 95.0 MPH)
|
|
Batting: SHB Jose Vargas
|
0-0: Ball 1-0: Fielders Choice at 2nd, 3-6 (Groundball, 3, EV 78.8 MPH)
|
|
Batting: RHB Dermott Kennelly
|
0-0: Foul Ball, location: 2F 0-1: Ball 1-1: Ball 2-1: Called Strike 2-2: Foul Ball, location: 2F 2-2: Foul Ball, location: 2F 2-2: Strikes out swinging
|
|
Batting: LHB Danny Hull
|
0-0: Ball 1-0: Swinging Strike 1-1: SINGLE (Groundball, 6S, EV 75.0 MPH) (infield hit) Jose Vargas to second
|
|
Batting: LHB Angel Ruvalcaba
|
0-0: Swinging Strike 0-1: Swinging Strike 0-2: Ball 1-2: Ball 2-2: Fielders Choice at 2nd, 5-4 (Groundball, 5, EV 80.6 MPH)
|
| Top of the 3rd over - 0 runs, 2 hits, 0 errors, 2 left on base; Durham 5 - Fresno 0 |
| BOTTOM OF THE 3RD |
|
Fresno Grizzlies batting - Pitching for Durham Bulls : RHP Miguel Romero
|
|
Batting: LHB Daniel Lopez
|
0-0: Called Strike 0-1: Fly out, F2 (Popup, 25F, EV 84.4 MPH)
|
|
Batting: RHB Ben Hoffman
|
0-0: Foul Ball, location: 2F 0-1: Ball 1-1: Called Strike 1-2: Ball 2-2: DOUBLE (Groundball, 5L, EV 102.5 MPH)
|
|
Batting: LHB Chris Cabrera
|
0-0: Ball 1-0: Ball 2-0: Ball 3-0: Called Strike 3-1: Foul Ball, location: 2F 3-2: Base on Balls
|
|
Batting: RHB Chris Fitzgerald
|
0-0: Ball 1-0: Ball 2-0: Ball 3-0: Base on Balls Ben Hoffman to third Chris Cabrera to second
|
|
Batting: RHB Bill Cabrera
|
0-0: Ball 1-0: Ball 2-0: Foul Ball, location: 2F 2-1: Swinging Strike 2-2: Foul Ball, location: 2F 2-2: SINGLE (Groundball, 56D, EV 104.4 MPH) (infield hit) Ben Hoffman scores Chris Cabrera to third Chris Fitzgerald to second
|
|
Batting: RHB Ramon Castellon
|
0-0: Ball 1-0: Called Strike 1-1: Ball 2-1: SINGLE (Groundball, 4MD, EV 103.8 MPH) Chris Cabrera scores Chris Fitzgerald to third Bill Cabrera to second Runner from 3rd tries for Home, SAFE, throw by CF to home
|
|
Batting: RHB Paul Shell
|
0-0: Ball 1-0: Ball 2-0: Called Strike 2-1: Swinging Strike 2-2: Foul Ball, location: 2F 2-2: Ball 3-2: Base on Balls Bill Cabrera to third Ramon Castellon to second
|
|
Batting: RHB Raul Sanchez
|
0-0: Ball 1-0: Ball 2-0: Grounds into double play, 6-4-3 (Groundball, 6, EV 104.4 MPH)
|
| Bottom of the 3rd over - 3 runs, 3 hits, 0 errors, 2 left on base; Durham 5 - Fresno 3 |
| TOP OF THE 4TH |
|
Durham Bulls batting - Pitching for Fresno Grizzlies : LHP Carlos Toledo
|
|
Batting: LHB Jake Rheaume
|
0-0: Ball 1-0: Called Strike 1-1: Ball 2-1: Ball 3-1: Called Strike 3-2: Fly out, F7 (Flyball, 7LM, EV 86.9 MPH)
|
|
Batting: RHB Paul Landes
|
0-0: Foul Ball, location: 2F 0-1: Foul Ball, location: 2F 0-2: Strikes out swinging
|
|
Batting: LHB Davion Lewis
|
0-0: Swinging Strike 0-1: Foul Ball, location: 2F 0-2: Strikes out swinging
|
| Top of the 4th over - 0 runs, 0 hits, 0 errors, 0 left on base; Durham 5 - Fresno 3 |
| BOTTOM OF THE 4TH |
|
Fresno Grizzlies batting - Pitching for Durham Bulls : RHP Miguel Romero
|
|
Batting: RHB Edgar Trejo
|
0-0: Fly out, F8 (Flyball, 78M, EV 80.6 MPH)
|
|
Batting: LHB Daniel Lopez
|
0-0: SINGLE (Groundball, 4D, EV 95.0 MPH)
|
|
Batting: RHB Ben Hoffman
|
0-0: Called Strike 0-1: Swinging Strike 0-2: Ball 1-2: Fly out, F7 (Line Drive, 7, EV 86.9 MPH)
|
|
Batting: LHB Chris Cabrera
|
0-0: Called Strike 0-1: Foul Ball, location: 2F 0-2: Ball 1-2: Fly out, F9 (Flyball, 89S, EV 96.2 MPH)
|
| Bottom of the 4th over - 0 runs, 1 hit, 0 errors, 1 left on base; Durham 5 - Fresno 3 |
| TOP OF THE 5TH |
|
Durham Bulls batting - Pitching for Fresno Grizzlies : LHP Carlos Toledo
|
|
Batting: LHB Mario Ocana
|
0-0: Ball 1-0: Called Strike 1-1: Ball 2-1: Reached on error, E3 (Groundball, 3, EV 101.2 MPH)
|
|
Batting: LHB Jimmy Buscemi
|
0-0: Called Strike 0-1: Ball 1-1: Swinging Strike 1-2: Ball 2-2: Ball 3-2: Foul Ball, location: 2F 3-2: DOUBLE (Line Drive, 7LD, EV 111.9 MPH) Mario Ocana to third Mario Ocana scores
|
|
Batting: SHB Jose Vargas
|
0-0: Called Strike 0-1: Called Strike 0-2: Ball 1-2: Foul Ball, location: 2F 1-2: Ball Passed Ball! Jimmy Buscemi to third 2-2: SINGLE (Groundball, 4MD, EV 94.4 MPH) Jimmy Buscemi scores
|
|
Batting: RHB Dermott Kennelly
|
0-0: Fly out, F8 (Flyball, 8RD, EV 92.5 MPH)
|
|
Batting: LHB Danny Hull
|
0-0: SINGLE (Groundball, 34, EV 81.9 MPH) (infield hit) Jose Vargas to second
|
|
Batting: LHB Angel Ruvalcaba
|
0-0: Called Strike 0-1: Foul Ball, location: 2F 0-2: Fielders Choice at 2nd, 4-6 (Groundball, 34, EV 98.8 MPH) Jose Vargas to third
|
|
Batting: LHB Jake Rheaume
|
0-0: Called Strike 0-1: Ball 1-1: Ball 2-1: Called Strike 2-2: Ball 3-2: Reached on error, E6 (Groundball, 6, EV 91.2 MPH) Jose Vargas scores Angel Ruvalcaba to second
|
|
Batting: RHB Paul Landes
|
0-0: Ball 1-0: Ball 2-0: Ball 3-0: Called Strike 3-1: Foul Ball, location: 2F 3-2: Foul Ball, location: 2F 3-2: Foul Ball, location: 2F 3-2: Base on Balls Angel Ruvalcaba to third Jake Rheaume to second
|
|
Batting: LHB Davion Lewis
|
0-0: Called Strike 0-1: Ball 1-1: Ground out 2-3 (Groundball, 13S, EV 67.5 MPH)
|
| Top of the 5th over - 3 runs, 3 hits, 2 errors, 3 left on base; Durham 8 - Fresno 3 |
| BOTTOM OF THE 5TH |
|
Fresno Grizzlies batting - Pitching for Durham Bulls : RHP Miguel Romero
|
|
Batting: RHB Chris Fitzgerald
|
0-0: Ball 1-0: Ground out 1-3 (Groundball, 15S, EV 61.9 MPH)
|
|
Batting: RHB Bill Cabrera
|
0-0: Ball 1-0: Ball 2-0: Called Strike 2-1: Called Strike 2-2: Strikes out looking
|
|
Batting: RHB Ramon Castellon
|
0-0: Called Strike 0-1: Swinging Strike 0-2: Ball 1-2: Ground out 4-3 (Groundball, 4, EV 105.6 MPH)
|
| Bottom of the 5th over - 0 runs, 0 hits, 0 errors, 0 left on base; Durham 8 - Fresno 3 |
| TOP OF THE 6TH |
|
Durham Bulls batting - Pitching for Fresno Grizzlies : LHP Carlos Toledo
|
|
Pitching: RHP Alex Alicea
|
|
|
Batting: LHB Mario Ocana
|
0-0: Ball 1-0: Ball 2-0: Ball 3-0: Called Strike 3-1: Ground out 4-3 (Groundball, 4, EV 98.8 MPH)
|
|
Batting: LHB Jimmy Buscemi
|
0-0: Ball 1-0: Called Strike 1-1: Ball 2-1: Called Strike 2-2: Ball 3-2: Foul Ball, location: 2F 3-2: Base on Balls
|
|
Batting: SHB Jose Vargas
|
0-0: Ball 1-0: Foul Ball, location: 2F 1-1: Ball Wild Pitch! Jimmy Buscemi to second 2-1: Ball 3-1: Base on Balls
|
|
Batting: RHB Dermott Kennelly
|
0-0: Ball 1-0: Ball 2-0: Called Strike 2-1: Grounds into double play, 5-4-3 (Groundball, 56S, EV 95.0 MPH)
|
| Top of the 6th over - 0 runs, 0 hits, 0 errors, 1 left on base; Durham 8 - Fresno 3 |
| BOTTOM OF THE 6TH |
|
Fresno Grizzlies batting - Pitching for Durham Bulls : RHP Miguel Romero
|
|
Batting: RHB Paul Shell
|
0-0: Ball 1-0: Ball 2-0: Foul Ball, location: 2F 2-1: Ball 3-1: Foul Ball, location: 2F 3-2: Fly out, F7 (Flyball, 7LM, EV 95.6 MPH)
|
|
Batting: RHB Raul Sanchez
|
0-0: Called Strike 0-1: Called Strike 0-2: Ball 1-2: Ground out 6-3 (Groundball, 6, EV 78.1 MPH)
|
|
Batting: RHB Edgar Trejo
|
0-0: Ball 1-0: Called Strike 1-1: Ball 2-1: SINGLE (Line Drive, 3D, EV 95.6 MPH)
|
|
Pitching: RHP Ray Willenbrink
|
|
|
Batting: LHB Daniel Lopez
|
0-0: Ball 1-0: Ball Edgar Trejo steals 2nd base 2-0: Called Strike 2-1: Foul Ball, location: 2F 2-2: Ground out U3 (Groundball, 3L, EV 78.1 MPH)
|
| Bottom of the 6th over - 0 runs, 1 hit, 0 errors, 1 left on base; Durham 8 - Fresno 3 |
| TOP OF THE 7TH |
|
Durham Bulls batting - Pitching for Fresno Grizzlies : RHP Alex Alicea
|
|
Batting: LHB Danny Hull
|
0-0: Swinging Strike 0-1: Ground out 6-3 (Groundball, 4M, EV 82.5 MPH)
|
|
Batting: LHB Angel Ruvalcaba
|
0-0: Called Strike 0-1: Ball 1-1: Ground out 5-3 (Groundball, 5, EV 91.9 MPH)
|
|
Batting: LHB Jake Rheaume
|
0-0: Called Strike 0-1: Foul Ball, location: 2F 0-2: Ball 1-2: Ground out 6-3 (Groundball, 6, EV 103.8 MPH)
|
| Top of the 7th over - 0 runs, 0 hits, 0 errors, 0 left on base; Durham 8 - Fresno 3 |
| BOTTOM OF THE 7TH |
|
Fresno Grizzlies batting - Pitching for Durham Bulls : RHP Ray Willenbrink
|
|
Batting: RHB Ben Hoffman
|
0-0: Ground out U3 (Groundball, 34, EV 81.2 MPH)
|
|
Batting: LHB Chris Cabrera
|
0-0: Called Strike 0-1: Ball 1-1: Fly out, F9 (Flyball, 9, EV 78.1 MPH)
|
|
Batting: RHB Chris Fitzgerald
|
0-0: Ball 1-0: Ball 2-0: Foul Ball, location: 2F 2-1: SINGLE (Groundball, 25, EV 65.6 MPH) (infield hit)
|
|
Batting: RHB Bill Cabrera
|
0-0: Ground out 5-3 (Groundball, 56S, EV 83.8 MPH)
|
| Bottom of the 7th over - 0 runs, 1 hit, 0 errors, 1 left on base; Durham 8 - Fresno 3 |
| TOP OF THE 8TH |
|
Durham Bulls batting - Pitching for Fresno Grizzlies : RHP Alex Alicea
|
|
Batting: RHB Paul Landes
|
0-0: Foul Ball, location: 2F 0-1: Ball 1-1: Ground out 6-3 (Groundball, 6, EV 108.1 MPH)
|
|
Batting: LHB Davion Lewis
|
0-0: TRIPLE (Flyball, 89XD, EV 86.9 MPH)
|
|
Batting: LHB Mario Ocana
|
0-0: Ground out 3-1 (Groundball, 34S, EV 71.2 MPH) Davion Lewis scores
|
|
Batting: LHB Jimmy Buscemi
|
0-0: SOLO HOME RUN (Flyball, 7LD, EV 94.4 MPH), Distance : 342 ft
|
|
Batting: SHB Jose Vargas
|
0-0: Ball 1-0: DOUBLE (Groundball, 5L, EV 103.1 MPH)
|
|
Batting: RHB Dermott Kennelly
|
0-0: Ball 1-0: SINGLE (Flyball, 89S, EV 95.0 MPH) Jose Vargas to third
|
|
Batting: LHB Danny Hull
|
0-0: Called Strike 0-1: Foul Ball, location: 2F 0-2: Fielders Choice at 2nd, 6-4 (Groundball, 6, EV 83.1 MPH)
|
| Top of the 8th over - 2 runs, 4 hits, 0 errors, 2 left on base; Durham 10 - Fresno 3 |
| BOTTOM OF THE 8TH |
|
Fresno Grizzlies batting - Pitching for Durham Bulls : RHP Ray Willenbrink
|
|
Batting: RHB Ramon Castellon
|
0-0: SINGLE (Groundball, 6MD, EV 104.4 MPH)
|
|
Batting: RHB Paul Shell
|
0-0: 2-RUN HOME RUN (Line Drive, 7D, EV 110.6 MPH), Distance : 408 ft
|
|
Batting: RHB Raul Sanchez
|
0-0: Called Strike 0-1: Ground out 5-3 (Groundball, 56S, EV 83.1 MPH)
|
|
Batting: RHB Edgar Trejo
|
0-0: DOUBLE (Flyball, 8RXD, EV 96.2 MPH)
|
|
Batting: LHB Daniel Lopez
|
0-0: Foul Ball, location: 2F 0-1: Ball 1-1: Fly out, F8 (Flyball, 8LXD, EV 95.6 MPH) Runner from 2nd tags up, SAFE at 3rd, no throw by CF
|
|
Pinch Hitting: LHB Doug Anderson
|
0-0: Ball 1-0: Ball 2-0: Ball 3-0: Base on Balls
|
|
Batting: LHB Chris Cabrera
|
0-0: Foul Ball, location: 2F 0-1: SINGLE (Groundball, 34, EV 100.6 MPH) (infield hit) Edgar Trejo scores Doug Anderson to second
|
|
Pitching: RHP Bill Alicea
|
|
|
Batting: RHB Chris Fitzgerald
|
0-0: Called Strike 0-1: Swinging Strike 0-2: Strikes out swinging
|
| Bottom of the 8th over - 3 runs, 4 hits, 0 errors, 2 left on base; Durham 10 - Fresno 6 |
| TOP OF THE 9TH |
|
Durham Bulls batting - Pitching for Fresno Grizzlies : RHP Alex Alicea
|
|
Pitching: RHP Aaron Shapiro
|
|
|
Now in CF: Doug Anderson
|
|
|
Batting: LHB Angel Ruvalcaba
|
0-0: Swinging Strike 0-1: SINGLE (Groundball, 34D, EV 107.5 MPH)
|
|
Batting: LHB Jake Rheaume
|
0-0: Bunt missed! 0-1: Ball 1-1: Ball 2-1: Ball 3-1: Bunt missed! 3-2: Ground out 1-3 (Groundball, 13S, EV 71.2 MPH) Angel Ruvalcaba to second
|
|
Batting: RHB Paul Landes
|
0-0: Ball 1-0: Fly out, F9 (Flyball, 9, EV 86.9 MPH)
|
|
Batting: LHB Davion Lewis
|
0-0: Ground out 6-3 (Groundball, 6, EV 85.0 MPH)
|
| Top of the 9th over - 0 runs, 1 hit, 0 errors, 1 left on base; Durham 10 - Fresno 6 |
| BOTTOM OF THE 9TH |
|
Fresno Grizzlies batting - Pitching for Durham Bulls : RHP Bill Alicea
|
|
Batting: RHB Bill Cabrera
|
0-0: Ball 1-0: Foul Ball, location: 2F 1-1: Fly out, F8 (Line Drive, 8RD, EV 107.5 MPH)
|
|
Batting: RHB Ramon Castellon
|
0-0: Ball 1-0: Swinging Strike 1-1: Ground out U3 (Groundball, 3, EV 85.6 MPH)
|
|
Batting: RHB Paul Shell
|
0-0: Ball 1-0: Foul Ball, location: 2F 1-1: TRIPLE (Flyball, 78XD, EV 102.5 MPH)
|
|
Batting: RHB Raul Sanchez
|
0-0: Ball 1-0: Ball 2-0: Ball 3-0: Called Strike 3-1: Foul Ball, location: 2F 3-2: Base on Balls
|
|
Pitching: RHP Eric Hudson
|
|
|
Batting: RHB Edgar Trejo
|
0-0: Ground out 6-3 (Groundball, 6S, EV 83.1 MPH)
|
| Bottom of the 9th over - 0 runs, 1 hit, 0 errors, 2 left on base; Durham 10 - Fresno 6 |
|